 Dungeon Crawl Stone Soup version 0.30-a0-739-gea05faddec (webtiles) character file.

Game seed: 18058925125256558728

2049 Drevant2 the Frost Mage (level 8, 0/57 HPs)
             Began as a Demigod Ice Elementalist on Feb 4, 2023.
             Slain by Pikel
             ... wielding a +2 whip of freezing
              (3 damage)
             ... on level 6 of the Dungeon.
             The game lasted 00:26:43 (10430 turns).

Drevant2 the Frost Mage (Demigod Ice Elementalist) Turns: 10430, Time: 00:26:43

Health: 0/57       AC:  3    Str:  9    XL:     8   Next: 75%
Magic:  10/19      EV: 12    Int: 25    God:
Gold:   141        SH:  0    Dex: 14    Spells: 9/17 levels left

rFire   + . .      SeeInvis .    o - +2 short sword (venom)
rCold   . . .      Faith    .    (no shield)
rNeg    . . .      Spirit   .    a - +0 robe
rPois   .          Reflect  .    (no helmet)
rElec   .          Harm     .    e - +0 cloak
rCorr   .          Rampage  .    (no gloves)
Will    .....                    (no boots)
Stlth   ++                       (no amulet)
HPRegen 0.29/turn                d - ring of protection from fire
MPRegen 0.16/turn                (no ring)

@: freezing walls
A: high MP 1, forlorn, divine attributes
a: no special abilities


You were on level 6 of the Dungeon.
You visited 1 branch of the dungeon, and saw 6 of its levels.

You collected 279 gold pieces.
You spent 138 gold pieces at shops.

Inventory:

Hand Weapons
 c - a +0 short sword
 o - a +2 short sword of venom (weapon)
Missiles
 A - a throwing net
Armour
 a - a +0 robe (worn)
 e - a +0 cloak (worn)
 y - a +0 helmet
Magical Staves
 l - a staff of death
Jewellery
 d - a ring of protection from fire (left hand)
 x - a ring of protection from cold
 C - a +6 ring of intelligence
Scrolls
 f - a scroll of acquirement {unknown}
 g - a scroll of fog {unknown}
 i - a scroll of enchant weapon {unknown}
 k - 2 scrolls of silence {unknown}
 p - 2 scrolls of enchant armour {unknown}
 q - 2 scrolls of blinking {unknown}
 r - a scroll of amnesia {unknown}
 s - 5 scrolls of teleportation {unknown}
 t - 2 scrolls of fear {unknown}
 u - 2 scrolls of immolation {unknown}
 B - a scroll of identify
Potions
 b - a potion of magic
 h - a potion of mutation
 j - 2 potions of resistance
 m - a potion of haste {unknown}
 n - a potion of ambrosia
 v - 2 potions of heal wounds {unknown}
 w - 2 potions of curing
 z - 2 potions of invisibility


   Skills:
 - Level 1.7 Dodging
 - Level 1.7 Stealth
 - Level 5.2 Spellcasting
 - Level 5.0 Summonings
 * Level 8.7 Ice Magic


You had 9 spell levels left.
You knew the following spells:

 Your Spells              Type           Power      Damage    Failure   Level
a - Freeze                Ice            100%       1d10      1%          1
b - Frozen Ramparts       Ice            100%       1d16      1%          3
c - Summon Ice Beast      Ice/Summ       40%        N/A       4%          4

Your spell library contained the following spells:

 Spells                   Type           Power      Damage    Failure   Level
 Call Imp                 Summ           31%        N/A       1%          2
 Ozocubu's Armour         Ice            50%        N/A       1%          3
 Magic Dart               Conj           24%        1d4       9%          1
 Static Discharge         Conj/Air       12%        2-3/arc   12%         2
 Mephitic Cloud           Conj/Pois/Air  6%         N/A       24%         3
 Portal Projectile        Hex/Tloc       12%        N/A       24%         3
 Tukima's Dance           Hex            6%         N/A       24%         3
 Vhi's Electric Charge    Tloc/Air       12%        N/A       24%         3
 Arcjolt                  Conj/Air       3%         1d13      92%         5
 Blade Hands              Tmut           3%         N/A       92%         5
 Lightning Bolt           Conj/Air       3%         1d14      92%         5


Dungeon Overview and Level Annotations

Branches:
Dungeon (6/15)
 Temple: D:4-7

Shops:
D:1 *

Annotations:
D:6 Pikel


Innate Abilities, Weirdness & Mutations

You have an increased reservoir of magic. (+10% MP)
You shall have no god before yourself.
Your divine heritage dramatically boosts your attributes as you level up.


Message History

You don't know that spell.
Unknown command.
Unknown command.
Casting: Frozen Ramparts (safe; 1% risk of failure)
Confirm with . or Enter, or press ? or * to list all spells.
A chill wind blows around you.
The wall freezes the centaur!
The centaur shoots an arrow.
The arrow hits you!
* * * LOW HITPOINT WARNING * * *
The wall freezes Pikel.
The wall freezes the centaur.
Unknown command.
Casting: Summon Ice Beast (dangerous; 4% risk of failure)
Confirm with . or Enter, or press ? or * to list all spells.
Aiming: Freeze (safe; 1% risk of failure)
Press: ? - help, Shift-Dir - straight line, f - Pikel
Aim: Pikel, wielding a +2 whip of freezing and wearing a +0 robe (lightly wounded, ally target)
You freeze Pikel.
Pikel is moderately wounded.
The wall freezes the centaur.
The centaur unwields a +0 shortbow.
The centaur barely misses you. The centaur kicks you.
* * * LOW HITPOINT WARNING * * *
The wall freezes Pikel!
Pikel hits you with a +2 whip of freezing.
* * * LOW HITPOINT WARNING * * *
Pikel freezes you.
* * * LOW HITPOINT WARNING * * *
Your ice beast barely misses the centaur.
Casting: Freeze (safe; 1% risk of failure)
Confirm with . or Enter, or press ? or * to list all spells.
Aiming: Freeze (safe; 1% risk of failure)
Press: ? - help, Shift-Dir - straight line, f/p - Pikel
Aim: Pikel, wielding a +2 whip of freezing and wearing a +0 robe (moderately wounded, ally target)
You freeze Pikel.
Pikel is heavily wounded.
The wall freezes the centaur!
You kill the centaur!
The wall freezes Pikel but does no damage.
Pikel hits you with a +2 whip of freezing!
* * * LOW HITPOINT WARNING * * *
Pikel freezes you.
You die...

.# ##.# #.## ##.####.# ...
####..# ##.# ##.##..###
....####.....## #.## #....##..
..........###.# #..## ##.......
.#......### #.## #...## #.......
.#......K####..# #....####.......
.##...........Y###.....##........
.##.......5....).......†.....####
.###........5..K@.........#### .#
#5.#.......####......###
.##..##......## ##....## ....#
#...##. ##...## ....# .... #.
#....# #..## ## ## #.##.## ####
###...# #...# #...#


You could see Pikel (ally target), 2 lemures and a friendly ice beast
(summoned).

Vanquished Creatures
  Sigmund (D:3)
  Menkaure (D:6)
  Edmund (D:5)
  A sky beast (D:6)
  3 ogres
  A centaur (D:6)
  2 lemures (D:6)
  2 phantoms
  A kobold brigand (D:5)
  2 necrophages
  A scorpion (D:4)
  2 jellies
  A hound (D:6)
  Crazy Yiuf (D:3)
  Jessica (D:2)
  2 orc wizards (D:6)
  4 iguanas
  Robin (D:3)
  14 gnolls
  5 adders
  A white imp (D:6)
  2 ufetubi (D:5)
  3 worms
  A dart slug (D:2)
  12 orcs
  13 ball pythons
  4 bats
  8 endoplasms
  3 giant cockroaches
  16 goblins
  9 hobgoblins
  7 quokkas
  5 frilled lizards
  13 kobolds
  4 rats
148 creatures vanquished.

Vanquished Creatures (collateral kills)
  Eustachio (D:5)
  Blork the orc (D:5)
  A gnoll bouda (D:5)
  2 gnolls (D:5)
  A white imp (D:6)
  An orc (D:6)
7 creatures vanquished.

Grand Total: 155 creatures vanquished

Notes
Turn   | Place    | Note
-------+----------+-------------------------------------------
     0 | D:1      | Drevant2 the Demigod Ice Elementalist began the quest for
                  | the Orb.
     0 | D:1      | Reached XP level 1. HP: 14/14 MP: 5/5
   178 | D:1      | Found Retaem's Assorted Antiques.
   310 | D:1      | Reached skill level 4 in Ice Magic
   378 | D:1      | Reached XP level 2. HP: 18/20 MP: 5/7
   893 | D:1      | Bought a scroll labelled BEMENU GAPN for 24 gold pieces
   981 | D:1      | Reached XP level 3. HP: 25/26 MP: 5/8
  1228 | D:2      | Reached skill level 5 in Ice Magic
  1232 | D:2      | Learned a level 3 spell: Frozen Ramparts
  1777 | D:1      | Bought a purple potion for 21 gold pieces
  1777 | D:1      | Bought a blue potion for 21 gold pieces
  2063 | D:1      | Bought a scroll labelled HOLUGI CIORPHOSM for 24 gold
                  | pieces
  2080 | D:2      | Reached XP level 4. HP: 18/33 MP: 6/9
  2593 | D:2      | Noticed Jessica
  2610 | D:2      | Killed Jessica
  2925 | D:3      | Noticed Robin
  2998 | D:3      | Reached skill level 6 in Ice Magic
  2999 | D:3      | Killed Robin
  3000 | D:3      | Reached XP level 5. HP: 31/38 MP: 6/10
  3585 | D:3      | Noticed Sigmund
  3632 | D:3      | Killed Sigmund
  3633 | D:3      | Reached skill level 7 in Ice Magic
  3633 | D:3      | Reached XP level 6. HP: 4/45 MP: 6/11
  4750 | D:3      | Found a runed translucent door.
  4751 | D:3      | Noticed Crazy Yiuf
  4894 | D:3      | Killed Crazy Yiuf
  5375 | D:1      | Bought a scroll labelled ZIEWIO CAUBIA for 24 gold pieces
  5375 | D:1      | Bought a scroll labelled RACEDGH EBADOLU for 24 gold pieces
  5610 | D:4      | Learned a level 4 spell: Summon Ice Beast
  5732 | D:4      | Reached skill level 8 in Ice Magic
  5732 | D:4      | Reached XP level 7. HP: 43/50 MP: 8/12
  5984 | D:4      | Reached skill level 1 in Summonings
  6302 | D:5      | Entered Level 5 of the Dungeon
  6402 | D:5      | Noticed Edmund
  6411 | D:5      | Killed Edmund
  6640 | D:5      | Noticed Blork the orc
  7146 | D:5      | Reached skill level 5 in Summonings
  7146 | D:5      | Reached XP level 8. HP: 39/57 MP: 8/13
  7433 | D:5      | Noticed Eustachio
  7443 | D:5      | Killed Eustachio
  9093 | D:5      | Killed Blork the orc
  9360 | D:6      | Noticed Menkaure
  9370 | D:6      | Killed Menkaure
  9371 | D:6      | Reached skill level 5 in Spellcasting
  9950 | D:6      | HP: 2/57 [white imp (2)]
 10307 | D:6      | Noticed Pikel
 10430 | D:6      | Slain by Pikel

Illustrated notes

Levels and vault maps discovered:
D:1:      minmay_arrival_stair_chambers, layout_rooms, serial_shops, shop
D:2:      layout_rooms, hellmonk_ecumenical_altar_defaced_shrine, basic_altar,
          corexii_item_surrounded_by_moat, feat_on_display, uniq_jessica
D:3:      layout_loops_ring, uniq_robin, uniq_sigmund, uniq_crazy_yiuf_cottage
D:4:      layout_rooms, kennysheep_small_circle
D:5:      minmay_evil_eye, layout_gridville, okawaru_altar_gauntlet_db,
          uniq_edmund, uniq_eustachio, uniq_blork_the_orc
D:6:      layout_layer_cave, nicolae_ossuary_entry_monument,
          kb_lookout_dungeons_type, uniq_pikel, uniq_menkaure

Skill      XL: |  1  2  3  4  5  6  7  8 |
---------------+-------------------------+-----
Ice Magic      | 4 5 6 7 8 |  8.7
Summonings     | 5 |  5.0
Spellcasting   | 5 |  5.2
Dodging        | |  1.7
Stealth        | |  1.7

Action                     |  1- 3 |  4- 6 |  7- 9 || total
---------------------------+-------+-------+-------++-------
  Melee: Short sword       |    61 |    65 |   104 ||   230
         Unarmed           |     4 |       |       ||     4
         Punch             |       |       |     1 ||     1
   Cast: Freeze            |    51 |    39 |    45 ||   135
         Frozen Ramparts   |       |    12 |    15 ||    27
         Summon Ice Beast  |       |       |     7 ||     7
    Use: Scroll            |     3 |     2 |     1 ||     6
         Potion            |       |     4 |     1 ||     5
   Stab: Sleeping          |     6 |     2 |     2 ||    10
         Distracted        |     2 |       |       ||     2
         Invisible         |       |     1 |       ||     1
 Armour: Robe              |    19 |    17 |    23 ||    59
  Dodge: Dodged            |    73 |    75 |   121 ||   269

Table legend: (Time is in decaauts)
 A = Elapsed time spent in this place.
 B = Non-inter-level travel time spent in this place.
 C = Inter-level travel time spent in this place.
 D = Time resting spent in this place.
 E = Time spent auto-exploring this place.
 F = Levels seen in this place.
 G = Mean time per level.
                   A        B        C        D        E       F      G
               +--------+--------+--------+--------+--------+-----+--------+
         Total |  10438 |   9024 |   1414 |   4490 |   2988 |   6 | 1739.7 |
       Dungeon |  10438 |   9024 |   1414 |   4490 |   2988 |   6 | 1739.7 |
               +--------+--------+--------+--------+--------+-----+--------+

Top non-repeatable levels by time:
     D:5: 2622 daAuts
     D:3: 2475 daAuts
     D:1: 1638 daAuts
     D:6: 1504 daAuts
     D:2: 1356 daAuts
     D:4: 841 daAuts
